TOP OF THE 1ST |
University of Florida Gators batting - Pitching for University of Maine Black Bears : RHP Tomoaki Sumi
|
Pitching: RHP Tomoaki Sumi
|
|
Batting: RHB Manny Harrison
|
0-0: Ball 1-0: Called Strike 1-1: Foul Ball, location: 2F 1-2: Foul Ball, location: 2F 1-2: Foul Ball, location: 2F 1-2: Strikes out looking
|
Batting: RHB Gong-sun Law
|
0-0: Ball 1-0: Ground out 5-3 (Groundball, 56S, EV 88.1 MPH)
|
Batting: RHB Robert Mason
|
0-0: Ball 1-0: Fly out, F8 (Flyball, 89M, EV 80.6 MPH)
|
Top of the 1st over - 0 runs, 0 hits, 0 errors, 0 left on base; University of Florida 0 - University of Maine 0 |
BOTTOM OF THE 1ST |
University of Maine Black Bears batting - Pitching for University of Florida Gators : RHP Kevin Van Westen
|
Pitching: RHP Kevin Van Westen
|
|
Batting: RHB Justin Degon
|
0-0: Ball 1-0: Foul Ball, location: 2F 1-1: Ground out 5-3 (Groundball, 56S, EV 67.5 MPH)
|
Batting: RHB Wang Huan
|
0-0: Ball 1-0: Called Strike 1-1: Swinging Strike 1-2: Ball 2-2: Strikes out swinging
|
Batting: LHB Taro Inamine
|
0-0: Ball 1-0: Called Strike 1-1: Foul Ball, location: 2F 1-2: Strikes out swinging
|
Bottom of the 1st over - 0 runs, 0 hits, 0 errors, 0 left on base; University of Florida 0 - University of Maine 0 |
TOP OF THE 2ND |
University of Florida Gators batting - Pitching for University of Maine Black Bears : RHP Tomoaki Sumi
|
Batting: SHB Nelson Carachure
|
0-0: Called Strike 0-1: Ball 1-1: Ground out 4-3 (Groundball, 4, EV 83.1 MPH)
|
Batting: RHB Luis Cabera
|
0-0: Called Strike 0-1: Swinging Strike 0-2: Strikes out looking
|
Batting: RHB Lião Weishampt
|
0-0: Ball 1-0: Ball 2-0: Foul Ball, location: 2F 2-1: Reached on error, E5 (Groundball, 56S, EV 88.1 MPH)
|
Batting: RHB Elliott Pye
|
0-0: Swinging Strike 0-1: Swinging Strike 0-2: Ball 1-2: Foul Ball, location: 2F 1-2: Foul Ball, location: 2F 1-2: Foul Ball, location: 2F 1-2: Ball 2-2: Foul Ball, location: 2F 2-2: Foul Ball, location: 2F 2-2: Ground out 4-3 (Groundball, 34, EV 98.8 MPH)
|
Top of the 2nd over - 0 runs, 0 hits, 1 error, 1 left on base; University of Florida 0 - University of Maine 0 |
BOTTOM OF THE 2ND |
University of Maine Black Bears batting - Pitching for University of Florida Gators : RHP Kevin Van Westen
|
Batting: SHB Mario Barajas
|
0-0: Swinging Strike 0-1: Called Strike 0-2: Strikes out looking
|
Batting: LHB Ed Leighton
|
0-0: Foul Ball, location: 2F 0-1: SINGLE (Groundball, 4MD, EV 97.5 MPH)
|
Batting: LHB John Knox
|
0-0: Called Strike 0-1: Ball 1-1: Swinging Strike 1-2: Ball 2-2: Strikes out swinging
|
Batting: RHB Rewa Havika
|
0-0: Called Strike 0-1: Ball 1-1: Fly out, F8 (Flyball, 8RS, EV 86.2 MPH)
|
Bottom of the 2nd over - 0 runs, 1 hit, 0 errors, 1 left on base; University of Florida 0 - University of Maine 0 |
TOP OF THE 3RD |
University of Florida Gators batting - Pitching for University of Maine Black Bears : RHP Tomoaki Sumi
|
Batting: SHB Pat Justice
|
0-0: Fly out, F8 (Flyball, 8LD, EV 103.8 MPH)
|
Batting: RHB Juan Lopez
|
0-0: Ball 1-0: Ground out 5-3 (Groundball, 56, EV 104.4 MPH)
|
Batting: RHB Manny Harrison
|
0-0: Swinging Strike 0-1: Foul Ball, location: 2F 0-2: Fly out, F8 (Flyball, 8RXD, EV 96.9 MPH)
|
Top of the 3rd over - 0 runs, 0 hits, 0 errors, 0 left on base; University of Florida 0 - University of Maine 0 |
BOTTOM OF THE 3RD |
University of Maine Black Bears batting - Pitching for University of Florida Gators : RHP Kevin Van Westen
|
Batting: RHB Scott Snyder
|
0-0: Called Strike 0-1: Ball 1-1: Ball 2-1: Called Strike 2-2: Ball 3-2: Strikes out swinging
|
Batting: RHB Pita Arnurna
|
0-0: Ball 1-0: Swinging Strike 1-1: Ground out 6-3 (Groundball, 6, EV 76.9 MPH)
|
Batting: RHB Justin Degon
|
0-0: Ball 1-0: Called Strike 1-1: Fly out, F9 (Flyball, 89M, EV 75.0 MPH)
|
Bottom of the 3rd over - 0 runs, 0 hits, 0 errors, 0 left on base; University of Florida 0 - University of Maine 0 |
TOP OF THE 4TH |
University of Florida Gators batting - Pitching for University of Maine Black Bears : RHP Tomoaki Sumi
|
Batting: RHB Gong-sun Law
|
0-0: Foul Ball, location: 2F 0-1: Fly out, F3 (Popup, 3S, EV 78.1 MPH)
|
Batting: RHB Robert Mason
|
0-0: SINGLE (Line Drive, 9S, EV 99.4 MPH)
|
Batting: SHB Nelson Carachure
|
0-0: Ball 1-0: Fielders Choice at 2nd, 3-6 (Groundball, 3, EV 103.1 MPH)
|
Batting: RHB Luis Cabera
|
0-0: Ball Nelson Carachure steals 2nd base 1-0: Ground out 4-3 (Groundball, 4, EV 87.5 MPH)
|
Top of the 4th over - 0 runs, 1 hit, 0 errors, 1 left on base; University of Florida 0 - University of Maine 0 |
BOTTOM OF THE 4TH |
University of Maine Black Bears batting - Pitching for University of Florida Gators : RHP Kevin Van Westen
|
Batting: RHB Wang Huan
|
0-0: Ball 1-0: Ball 2-0: Ground out 6-3 (Groundball, 6, EV 82.5 MPH)
|
Batting: LHB Taro Inamine
|
0-0: Ball 1-0: Called Strike 1-1: Foul Ball, location: 2F 1-2: Foul Ball, location: 2F 1-2: Foul Ball, location: 2F 1-2: Ball 2-2: Fly out, F5 (Popup, 5S, EV 82.5 MPH)
|
Batting: SHB Mario Barajas
|
0-0: Reached on error, E6 (Groundball, 6, EV 94.4 MPH)
|
Batting: LHB Ed Leighton
|
0-0: Called Strike 0-1: Ground out 6-3 (Groundball, 6, EV 85.0 MPH)
|
Bottom of the 4th over - 0 runs, 0 hits, 1 error, 1 left on base; University of Florida 0 - University of Maine 0 |
TOP OF THE 5TH |
University of Florida Gators batting - Pitching for University of Maine Black Bears : RHP Tomoaki Sumi
|
Batting: RHB Lião Weishampt
|
0-0: Foul Ball, location: 2F 0-1: Ball 1-1: Foul Ball, location: 2F 1-2: Ball 2-2: Foul Ball, location: 2F 2-2: Ball 3-2: Ground out 6-3 (Groundball, 6, EV 88.8 MPH)
|
Batting: RHB Elliott Pye
|
0-0: Called Strike 0-1: Ball 1-1: Ball 2-1: Foul Ball, location: 2F 2-2: Strikes out swinging
|
Batting: SHB Pat Justice
|
0-0: Called Strike 0-1: Swinging Strike 0-2: Ball 1-2: Ball 2-2: Fly out, F8 (Flyball, 89D, EV 88.8 MPH)
|
Top of the 5th over - 0 runs, 0 hits, 0 errors, 0 left on base; University of Florida 0 - University of Maine 0 |
BOTTOM OF THE 5TH |
University of Maine Black Bears batting - Pitching for University of Florida Gators : RHP Kevin Van Westen
|
Batting: LHB John Knox
|
0-0: Called Strike 0-1: Foul Ball, location: 2F 0-2: Fly out, F8 (Line Drive, 8LD, EV 93.1 MPH)
|
Batting: RHB Rewa Havika
|
0-0: Ball 1-0: Swinging Strike 1-1: Called Strike 1-2: Strikes out swinging
|
Batting: RHB Scott Snyder
|
0-0: Ball 1-0: Foul Ball, location: 2F 1-1: TRIPLE (Line Drive, 78XD, EV 106.2 MPH)
|
Batting: RHB Pita Arnurna
|
0-0: Ball 1-0: Called Strike 1-1: Ball 2-1: SINGLE (Groundball, 4MD, EV 100.6 MPH) Scott Snyder scores
|
Batting: RHB Justin Degon
|
0-0: Called Strike 0-1: Ball 1-1: Ground out 4-3 (Groundball, 34, EV 83.8 MPH)
|
Bottom of the 5th over - 1 run, 2 hits, 0 errors, 1 left on base; University of Florida 0 - University of Maine 1 |
TOP OF THE 6TH |
University of Florida Gators batting - Pitching for University of Maine Black Bears : RHP Tomoaki Sumi
|
Batting: RHB Juan Lopez
|
0-0: Ball 1-0: Ground out 6-3 (Groundball, 6, EV 89.4 MPH)
|
Batting: RHB Manny Harrison
|
0-0: Foul Ball, location: 2F 0-1: Called Strike 0-2: Strikes out swinging
|
Batting: RHB Gong-sun Law
|
0-0: Ball 1-0: Foul Ball, location: 2F 1-1: Called Strike 1-2: Foul Ball, location: 2F 1-2: Strikes out swinging
|
Top of the 6th over - 0 runs, 0 hits, 0 errors, 0 left on base; University of Florida 0 - University of Maine 1 |
BOTTOM OF THE 6TH |
University of Maine Black Bears batting - Pitching for University of Florida Gators : RHP Kevin Van Westen
|
Batting: RHB Wang Huan
|
0-0: Called Strike 0-1: Ball 1-1: SINGLE (Line Drive, 5D, EV 99.4 MPH)
|
Batting: LHB Taro Inamine
|
0-0: Ball 1-0: Ball 2-0: Foul Ball, location: 2F 2-1: Swinging Strike 2-2: Ball 3-2: Fly out, F8 (Line Drive, 8RD, EV 100.0 MPH)
|
Batting: SHB Mario Barajas
|
0-0: Called Strike 0-1: Ball 1-1: Ball 2-1: Fielders Choice at 2nd, 4-6 (Groundball, 4, EV 80.6 MPH)
|
Pitching: RHP Dave Ross
|
|
Batting: LHB Ed Leighton
|
0-0: Fly out, F3 (Popup, 3F, EV 75.0 MPH)
|
Bottom of the 6th over - 0 runs, 1 hit, 0 errors, 1 left on base; University of Florida 0 - University of Maine 1 |
TOP OF THE 7TH |
University of Florida Gators batting - Pitching for University of Maine Black Bears : RHP Tomoaki Sumi
|
Batting: RHB Robert Mason
|
0-0: Ball 1-0: Foul Ball, location: 2F 1-1: Ball 2-1: Swinging Strike 2-2: Foul Ball, location: 2F 2-2: Fly out, F8 (Flyball, 8RM, EV 90.6 MPH)
|
Pitching: RHP Ik-jun Jahng
|
|
Batting: SHB Nelson Carachure
|
0-0: Ball 1-0: Ball 2-0: Ball 3-0: Foul Ball, location: 2F 3-1: Base on Balls
|
Batting: RHB Luis Cabera
|
0-0: Ball 1-0: Ball Nelson Carachure steals 2nd base 2-0: Swinging Strike 2-1: 2-RUN HOME RUN (Flyball, 78XD, EV 111.2 MPH), Distance : 428 ft
|
Batting: RHB Lião Weishampt
|
0-0: SINGLE (Line Drive, 34, EV 96.2 MPH)
|
Batting: RHB Elliott Pye
|
0-0: Called Strike 0-1: Ball 1-1: Ball 2-1: Fly out, F8 (Flyball, 8LM, EV 85.0 MPH)
|
Batting: SHB Pat Justice
|
0-0: Called Strike 0-1: Called Strike 0-2: Ball 1-2: Ball 2-2: Strikes out swinging
|
Top of the 7th over - 2 runs, 2 hits, 0 errors, 1 left on base; University of Florida 2 - University of Maine 1 |
BOTTOM OF THE 7TH |
University of Maine Black Bears batting - Pitching for University of Florida Gators : RHP Dave Ross
|
Pitching: LHP Alex Zepeda
|
|
Batting: LHB John Knox
|
0-0: Ball 1-0: Called Strike 1-1: Swinging Strike 1-2: Strikes out swinging
|
Pitching: LHP Jorge Guadalupe
|
|
Batting: RHB Rewa Havika
|
0-0: Foul Ball, location: 2F 0-1: Called Strike 0-2: Strikes out swinging
|
Batting: RHB Scott Snyder
|
0-0: Called Strike 0-1: Foul Ball, location: 2F 0-2: Ball 1-2: Ball 2-2: Ground out 6-3 (Groundball, 6, EV 98.1 MPH)
|
Bottom of the 7th over - 0 runs, 0 hits, 0 errors, 0 left on base; University of Florida 2 - University of Maine 1 |
TOP OF THE 8TH |
University of Florida Gators batting - Pitching for University of Maine Black Bears : RHP Ik-jun Jahng
|
Pitching: RHP Ivano Benincasa
|
|
Batting: RHB Juan Lopez
|
0-0: Called Strike 0-1: Ball 1-1: Swinging Strike 1-2: Ball 2-2: Strikes out swinging
|
Batting: RHB Manny Harrison
|
0-0: Ball 1-0: Ball 2-0: Called Strike 2-1: Foul Ball, location: 2F 2-2: Ground out 3-1 (Groundball, 34S, EV 83.1 MPH)
|
Batting: RHB Gong-sun Law
|
0-0: Ball 1-0: Foul Ball, location: 2F 1-1: Called Strike 1-2: Strikes out swinging
|
Top of the 8th over - 0 runs, 0 hits, 0 errors, 0 left on base; University of Florida 2 - University of Maine 1 |
BOTTOM OF THE 8TH |
University of Maine Black Bears batting - Pitching for University of Florida Gators : LHP Jorge Guadalupe
|
Batting: RHB Pita Arnurna
|
0-0: Foul Ball, location: 2F 0-1: Swinging Strike 0-2: Foul Ball, location: 2F 0-2: Foul Ball, location: 2F 0-2: Strikes out swinging
|
Batting: RHB Justin Degon
|
0-0: Ground out 4-3 (Groundball, 4M, EV 86.9 MPH)
|
Batting: RHB Wang Huan
|
0-0: Ball 1-0: Fly out, F8 (Flyball, 8LD, EV 91.9 MPH)
|
Bottom of the 8th over - 0 runs, 0 hits, 0 errors, 0 left on base; University of Florida 2 - University of Maine 1 |
TOP OF THE 9TH |
University of Florida Gators batting - Pitching for University of Maine Black Bears : RHP Ivano Benincasa
|
Batting: RHB Robert Mason
|
0-0: Called Strike 0-1: Ball 1-1: Ball 2-1: Foul Ball, location: 2F 2-2: Foul Ball, location: 2F 2-2: Ball 3-2: Strikes out looking
|
Batting: SHB Nelson Carachure
|
0-0: Ground out 6-3 (Groundball, 6, EV 76.2 MPH)
|
Batting: RHB Luis Cabera
|
0-0: Ball 1-0: Called Strike 1-1: Ground out U3 (Groundball, 3S, EV 70.6 MPH)
|
Top of the 9th over - 0 runs, 0 hits, 0 errors, 0 left on base; University of Florida 2 - University of Maine 1 |
BOTTOM OF THE 9TH |
University of Maine Black Bears batting - Pitching for University of Florida Gators : LHP Jorge Guadalupe
|
Pitching: LHP Michel Loiseau
|
|
Batting: LHB Taro Inamine
|
0-0: Foul Ball, location: 2F 0-1: Called Strike 0-2: Strikes out swinging
|
Batting: SHB Mario Barajas
|
0-0: Fly out, F8 (Flyball, 8LD, EV 90.6 MPH)
|
Batting: LHB Ed Leighton
|
0-0: Called Strike 0-1: Ball 1-1: Called Strike 1-2: SINGLE (Groundball, 34D, EV 103.8 MPH)
|
Batting: LHB John Knox
|
0-0: Called Strike 0-1: Ball 1-1: Ball 2-1: Ball 3-1: Foul Ball, location: 2F 3-2: Base on Balls Ed Leighton to second
|
Batting: RHB Rewa Havika
|
0-0: Called Strike 0-1: Swinging Strike 0-2: Ball 1-2: Strikes out swinging
|
Bottom of the 9th over - 0 runs, 1 hit, 0 errors, 2 left on base; University of Florida 2 - University of Maine 1 |
|